 Dungeon Crawl Stone Soup version 0.27.1-2-g3b301248ec (webtiles) character file.

Game seed: 14381189272415054087

92 MisterFreud the Skirmisher (level 4, -4/41 HPs)
             Began as a Gnoll Wanderer on Sept 22, 2021.
             Was a Follower of Vehumet.
             Slain by Terence (7 damage)
             ... on level 2 of the Dungeon.
             The game lasted 00:03:00 (2106 turns).

MisterFreud the Skirmisher (Gnoll Wanderer)         Turns: 2106, Time: 00:03:01

Health: -4/41      AC:  2    Str: 12    XL:     4   Next: 60%
Magic:  5/5        EV: 12    Int: 12    God:    Vehumet [*.....]
Gold:   111        SH:  0    Dex: 11    Spells: 2/5 levels left

rFire    . . .     SeeInvis .     - Unarmed
rCold    . . .     Faith    .   (no shield)
rNeg     . . .     Spirit   .   e - +0 robe
rPois    .         Reflect  .   (no helmet)
rElec    .         Harm     .   (no cloak)
rCorr    .         Rampage  .   (no gloves)
Will     .....                  (no boots)
Stlth    +.........             (no amulet)
HPRegen  0.13/turn              (no ring)
MPRegen  0.09/turn              (no ring)

@: very slow
A: fangs 1, strong nose, distributed training
a: Renounce Religion


You were on level 2 of the Dungeon.
You worshipped Vehumet.
Vehumet was aware of your devotion.
You visited 1 branch of the dungeon, and saw 2 of its levels.

You collected 111 gold pieces.

Inventory:

Hand Weapons
 a - a +0 hand axe
 f - a +0 dagger
 g - a +0 dagger
Missiles
 i - 3 boomerangs (quivered)
Armour
 e - a +0 robe (worn)
Scrolls
 b - a scroll of blinking
 c - 2 scrolls of fear
 j - 3 scrolls of identify {unknown}
 k - a scroll of fog {unknown}
 l - 2 scrolls of teleportation {unknown}
 m - a scroll of silence {unknown}
Potions
 d - a potion of curing
 h - a potion of haste {unknown}


   Skills:
 + Level 6.6 Fighting
 + Level 1.2 Short Blades
 + Level 1.2 Long Blades
 + Level 1.2 Axes
 + Level 1.2 Maces & Flails
 + Level 1.2 Polearms
 + Level 1.2 Staves
 + Level 1.2 Slings
 + Level 1.2 Bows
 + Level 1.2 Crossbows
 + Level 1.2 Throwing
 + Level 2.8 Armour
 + Level 2.8 Dodging
 + Level 4.3 Stealth
 + Level 2.8 Shields
 + Level 4.6 Unarmed Combat
 + Level 1.2 Spellcasting
 + Level 1.0 Conjurations
 + Level 1.0 Hexes
 + Level 1.0 Summonings
 + Level 1.0 Necromancy
 + Level 1.0 Translocations
 + Level 1.0 Transmutations
 + Level 1.0 Fire Magic
 + Level 1.0 Ice Magic
 + Level 1.0 Air Magic
 + Level 1.0 Earth Magic
 + Level 1.0 Poison Magic
 + Level 1.3 Invocations
 + Level 1.2 Evocations


You had 2 spell levels left.
You knew the following spells:

 Your Spells              Type           Power      Damage    Failure   Level
a - Freeze                Ice            12%        1d4       21%         1
b - Blink                 Tloc           N/A        N/A       30%         2

Your spell library contained the following spells:

 Spells                   Type           Power      Damage    Failure   Level
 Conjure Flame            Conj/Fire      3%         6-21      52%         3
 Gell's Gravitas          Tloc           1%         N/A       52%         3
 Inner Flame              Hex/Fire       3%         N/A       52%         3
 Lesser Beckoning         Tloc           1%         N/A       52%         3
 Spider Form              Tmut/Pois      1%         N/A       52%         3
 Teleport Other           Tloc           3%         N/A       52%         3
 Manifold Assault         Tloc           3%         N/A       99%         5
 Fire Storm               Conj/Fire      1%         8d1       100%        9


Dungeon Overview and Level Annotations

Branches:
Dungeon (2/15)

Altars:
Vehumet

Annotations:
D:2 Terence


Innate Abilities, Weirdness & Mutations

You have very sharp teeth.
Your uncanny sense of smell can sniff out nearby items.
Your experience applies equally to all skills.


Message History

l - 2 scrolls labelled WER IBRECEWOORAX (gained 1)
You see here 19 stones.
You enter the shallow water.
Moving in this stuff is going to be slow.
Terence the Incautious comes into view.
He is wielding a +0 hand axe.
Terence is nearby!
Terence shouts!
Terence bares his teeth.
Unknown command.
Throw: 3 boomerangs
Press: ? - help, Q - select action, (/) - cycle Shift-Dir - straight line, f - Terence
Aim: Terence, wielding a +0 hand axe and wearing a +0 chain mail (67% to hit)
You throw a boomerang.
The boomerang hits Terence but does no damage.
Unknown command.
You hit Terence but do no damage. Terence barely misses you.
You hit Terence.
Terence is moderately wounded.
Terence hits you with a +0 hand axe.
You hit Terence but do no damage.
Terence is moderately wounded.
Terence hits you with a +0 hand axe!
You completely miss Terence.
Terence is moderately wounded.
Terence closely misses you.
You hit Terence.
Terence is severely wounded.
Terence drinks a potion.
Terence is healed!
You closely miss Terence. You closely miss Terence. Terence closely misses you.
You hit Terence but do no damage. Terence hits you with a +0 hand axe!
You barely miss Terence. You bite Terence, but do no damage.
Terence hits you with a +0 hand axe!
* * * LOW HITPOINT WARNING * * *
You barely miss Terence. Terence hits you with a +0 hand axe!
* * * LOW HITPOINT WARNING * * *
You enter the shallow water.
Moving in this stuff is going to be slow.
Terence hits you with a +0 hand axe!
You die...

########.≈'≈≈.≈.#..####.#######
##≈'..≈._#≈.##.........#
#≈'..≈≈≈#..##.#.#####.#
#≈#≈.≈≈≈≈..##.#.# #.#
#≈##.≈≈.##.##.#.# #.#
#..####≈≈#.##.#.#####.#
##.≈..#≈8#≈.#.#.......#
#####....####....#..####.#
.........@@..≈##.#...# ###
#######.########.#...# #.#
#.#...# . #.# #.##..##...
########.# #...........
#........##########....#....
#.................#....# ...
#################.#....# ..
.............# .


You could see Terence.

Vanquished Creatures
  A howler monkey (D:2)
  8 bats
  3 endoplasms
  2 giant cockroaches (D:1)
  6 goblins
  6 hobgoblins
  4 jackals (D:1)
  A kobold (D:1)
  2 quokkas (D:1)
  9 ball pythons
  A frilled lizard (D:1)
  4 rats (D:1)
  A spectral hobgoblin (D:2)
48 creatures vanquished.

Vanquished Creatures (others)
  2 plants (D:1)
2 creatures vanquished.

Grand Total: 50 creatures vanquished

Notes
Turn   | Place    | Note
-------+----------+-------------------------------------------
     0 | D:1      | MisterFreud the Gnoll Wanderer began the quest for the Orb.
     0 | D:1      | MisterFreud set off with the following items: a +0 hand
                  | axe, a scroll of blinking, a scroll of fear, a potion of
                  | curing, a +0 robe, a +0 dagger
     0 | D:1      | Reached XP level 1. HP: 23/23 MP: 1/1
   327 | D:1      | Reached XP level 2. HP: 29/29 MP: 2/2
   428 | D:1      | Reached XP level 3. HP: 26/35 MP: 3/3
   761 | D:1      | Got Guim's Almanac of the Cankerous Volcanoes
   831 | D:1      | Reached skill level 1 in Invocations
  1517 | D:2      | Reached skill level 1 in Short Blades
  1517 | D:2      | Reached skill level 1 in Long Blades
  1517 | D:2      | Reached skill level 1 in Axes
  1517 | D:2      | Reached skill level 1 in Maces & Flails
  1517 | D:2      | Reached skill level 1 in Polearms
  1517 | D:2      | Reached skill level 1 in Staves
  1517 | D:2      | Reached skill level 1 in Slings
  1517 | D:2      | Reached skill level 1 in Bows
  1517 | D:2      | Reached skill level 1 in Crossbows
  1517 | D:2      | Reached skill level 1 in Throwing
  1517 | D:2      | Reached skill level 1 in Spellcasting
  1517 | D:2      | Reached skill level 1 in Evocations
  1517 | D:2      | Reached XP level 4. HP: 34/41 MP: 5/5
  1518 | D:2      | Reached skill level 1 in Conjurations
  1518 | D:2      | Reached skill level 1 in Hexes
  1518 | D:2      | Reached skill level 1 in Summonings
  1518 | D:2      | Reached skill level 1 in Necromancy
  1518 | D:2      | Reached skill level 1 in Translocations
  1518 | D:2      | Reached skill level 1 in Transmutations
  1518 | D:2      | Reached skill level 1 in Fire Magic
  1518 | D:2      | Reached skill level 1 in Ice Magic
  1518 | D:2      | Reached skill level 1 in Air Magic
  1518 | D:2      | Reached skill level 1 in Earth Magic
  1518 | D:2      | Reached skill level 1 in Poison Magic
  1828 | D:2      | Found a faded altar of an unknown god.
  1834 | D:2      | Became a worshipper of Vehumet
  1834 | D:2      | Reached * piety under Vehumet
  1834 | D:2      | Offered knowledge of Freeze by Vehumet.
  1837 | D:2      | Learned a level 1 spell: Freeze
  1840 | D:2      | Learned a level 2 spell: Blink
  2076 | D:2      | Noticed Terence
  2095 | D:2      | HP: 2/41 [Terence (10)]
  2106 | D:2      | Slain by Terence

Illustrated notes

Levels and vault maps discovered:
D:1:      tarquinn_simple_flora_water_f, layout_rooms, serial_forest,
          infiniplex_forest_clump_diagonal, infiniplex_forest_lined_corner,
          infiniplex_forest_split, infiniplex_forest_lined_corner,
          infiniplex_forest_split, infiniplex_forest_corner_1,
          infiniplex_forest_zigzag_2, minmay_nonomino_d4
D:2:      layout_basic, dreamdust_ecumenical_altar_drowned_temple, uniq_terence

Skill      XL: |  1  2  3  4 |
---------------+-------------+-----
Invocations    | 1 |  1.3
Short Blades   | 1 |  1.2
Long Blades    | 1 |  1.2
Axes           | 1 |  1.2
Maces & Flails | 1 |  1.2
Polearms       | 1 |  1.2
Staves         | 1 |  1.2
Slings         | 1 |  1.2
Bows           | 1 |  1.2
Crossbows      | 1 |  1.2
Throwing       | 1 |  1.2
Spellcasting   | 1 |  1.2
Evocations     | 1 |  1.2
Conjurations   | 1 |  1.0
Hexes          | 1 |  1.0
Summonings     | 1 |  1.0
Necromancy     | 1 |  1.0
Translocations | 1 |  1.0
Transmutations | 1 |  1.0
Fire Magic     | 1 |  1.0
Ice Magic      | 1 |  1.0
Air Magic      | 1 |  1.0
Earth Magic    | 1 |  1.0
Poison Magic   | 1 |  1.0
Fighting       | |  6.6
Armour         | |  2.8
Dodging        | |  2.8
Stealth        | |  4.3
Shields        | |  2.8
Unarmed Combat | |  4.6

Action                   |  1- 3 |  4- 6 || total
-------------------------+-------+-------++-------
Melee: Unarmed           |   122 |    24 ||   146
       Hand axe          |     3 |       ||     3
       Bite              |     6 |     1 ||     7
       Punch             |     2 |       ||     2
Throw: Boomerang         |       |     1 ||     1
 Stab: Sleeping          |     6 |     1 ||     7
Armor: Robe              |    18 |       ||    18
Dodge: Dodged            |    73 |    10 ||    83
